 Dungeon Crawl Stone Soup version 0.29.1-13-g9f3cf754e1 (webtiles) character file.

Game seed: 10796532551917042955

74 wolfrpgdude the Covered (level 4, -11/35 HPs)
             Began as a Human Fighter on Feb 10, 2023.
             Mangled by a hobgoblin
             ... wielding the +9 sword of Zonguldrok {reap}
              (14 damage)
             ... on level 3 of the Dungeon.
             The game lasted 00:05:52 (2904 turns).

wolfrpgdude the Covered (Human Fighter)             Turns: 2904, Time: 00:05:53

Health: -11/35     AC:  8    Str: 19    XL:     4   Next: 52%
Magic:  4/4        EV:  9    Int:  8    God:
Gold:   33         SH:  4    Dex: 12    Spells: 3/3 levels left

rFire   . . .      SeeInvis .   a - +0 long sword (vorpal)
rCold   . . .      Faith    .   c - +0 buckler
rNeg    . . .      Spirit   .   b - +0 scale mail
rPois   .          Reflect  .   i - +0 helmet
rElec   .          Harm     .   (no cloak)
rCorr   .          Rampage  .   (no gloves)
Will    +....                   (no boots)
Stlth   ..........              (no amulet)
HPRegen 0.11/turn               (no ring)
MPRegen 0.09/turn               (no ring)

@: no status effects
A: hooves 1, strong-willed 1, MP-powered wands
a: no special abilities


You were on level 3 of the Dungeon.
You visited 1 branch of the dungeon, and saw 3 of its levels.

You collected 99 gold pieces.
You spent 66 gold pieces at shops.

Inventory:

Hand Weapons
 a - a +0 vorpal long sword (weapon)
Armour
 b - a +0 scale mail (worn)
 c - a +0 buckler (worn)
 i - a +0 helmet (worn)
Jewellery
 f - a +4 ring of evasion
Scrolls
 e - a scroll of torment {unknown}
 j - a scroll of poison
 k - 2 scrolls of teleportation
Potions
 d - 2 potions of might
 g - a potion of ambrosia
 h - 2 potions of curing


   Skills:
 + Level 3.3 Fighting
 + Level 2.6 Long Blades
 + Level 4.0 Armour
 + Level 3.3 Shields


You had 3 spell levels left.
You didn't know any spells.
Your spell library contained the following spells:

 Spells                   Type           Power      Damage    Failure   Level
 Olgreb's Toxic Radiance  Pois           0%         N/A       100%        4
 Ozocubu's Refrigeration  Ice            0%         4d7       100%        7
 Ignition                 Fire           0%         3d3       100%        8


Dungeon Overview and Level Annotations

Branches:
Dungeon (3/15)

Altars:
Ashenzari
Xom
Yredelemnul

Shops:
D:3 !([[


Innate Abilities, Weirdness & Mutations

You have large cloven feet.
You are strong-willed. (Will+)
You expend magic power (3 MP) to strengthen your wands.


Message History

You block the adder's attack. The adder bites you but does no damage.
You slash the adder!
You kill the adder!
You completely miss the kobold. Your kick misses the kobold.
You block the kobold's attack.
A bat comes into view.
You block the kobold's attack.
You barely miss the kobold. The kobold barely misses you.
You barely miss the kobold. You kick the kobold, but do no damage.
The kobold hits you with a +0 club.
You hit the kobold but do no damage. You kick the kobold.
You kill the kobold!
The bat completely misses you. The bat hits you but does no damage.
You hit the bat.
You kill the bat!
You hit the goblin. Your kick misses the goblin.
The goblin is almost dead.
You block the goblin's attack.
You miss the goblin. You kick the goblin.
You kill the goblin!
You barely miss the hobgoblin. You block the hobgoblin's attack.
The hobgoblin hits you with the +9 sword of Zonguldrok {reap}!
* * * LOW HITPOINT WARNING * * *
You are too injured to fight recklessly!
You are too injured to fight recklessly!
You are too injured to fight recklessly!
You are too injured to fight recklessly!
You are too injured to fight recklessly!
You are too injured to fight recklessly!
You are too injured to fight recklessly!
You are too injured to fight recklessly!
You are too injured to fight recklessly!
You are too injured to fight recklessly!
You are too injured to fight recklessly!
You are too injured to fight recklessly!
You are too injured to fight recklessly!
You are too injured to fight recklessly!
You barely miss the hobgoblin. Your kick misses the hobgoblin.
The hobgoblin hits you with the +9 sword of Zonguldrok {reap}!
You die...

#.# #.# #.# #.# ##'#####
#.# .......# #.#
.......#########.#######
..............>#.......#
...............#.#####..
...............#)#
...#'##........#@#
.#†#.##........#g#
.#.#.##........#..
##.#.##........#...
..#.##..........##.
###.##..........# #.
..##......####. ..
####......# # ##
#......#


You could see a hobgoblin.

Vanquished Creatures
  2 adders
  3 adder zombies (D:3)
  A worm (D:2)
  2 dart slugs (D:2)
  An orc (D:3)
  3 ball pythons
  4 bats
  2 endoplasms
  A giant cockroach (D:2)
  3 goblins
  2 hobgoblins (D:3)
  3 quokkas
  A ball python zombie (D:3)
  5 frilled lizards
  5 kobolds (D:3)
  6 rats
44 creatures vanquished.

Vanquished Creatures (others)
  6 withered plants (D:1)
6 creatures vanquished.

Grand Total: 50 creatures vanquished

Notes
Turn   | Place    | Note
-------+----------+-------------------------------------------
     0 | D:1      | wolfrpgdude the Human Fighter began the quest for the Orb.
     0 | D:1      | Reached XP level 1. HP: 18/18 MP: 1/1
   623 | D:1      | Found a faded altar of an unknown god.
   955 | D:2      | Reached XP level 2. HP: 24/24 MP: 2/2
  1148 | D:2      | Found a shimmering altar of Xom.
  1517 | D:2      | Reached XP level 3. HP: 29/29 MP: 3/3
  2408 | D:3      | Found Igreir's Distillery.
  2433 | D:3      | Bought a potion of curing for 33 gold pieces
  2433 | D:3      | Bought a potion of curing for 33 gold pieces
  2433 | D:3      | Gained mutation: You have large cloven feet. [potion of
                  | mutation]
  2433 | D:3      | Gained mutation: You are strong-willed. (Will+) [potion of
                  | mutation]
  2433 | D:3      | Gained mutation: You expend magic power (3 MP) to
                  | strengthen your wands. [potion of mutation]
  2434 | D:3      | Found Zichet's Weapon Shop.
  2473 | D:3      | Found Neded's Armour Emporium.
  2552 | D:3      | Found a broken altar of Ashenzari.
  2577 | D:3      | Reached XP level 4. HP: 35/35 MP: 4/4
  2584 | D:3      | Found a basalt altar of Yredelemnul.
  2602 | D:3      | Reached skill level 4 in Armour
  2802 | D:3      | Found Jacsoji's Antique Armour Shoppe.
  2904 | D:3      | Mangled by a hobgoblin

Illustrated notes

Levels and vault maps discovered:
D:1:      nzn_arrival_water_spiral, layout_basic,
          shapermc_ecumenical_altar_flowoftime
D:2:      layout_basic, basic_altar, hangedman_abyss_or_decor_stabs,
          nicolae_hexahallways
D:3:      layout_basic, nicolae_yredelemnul_corpse_copse,
          mainiacjoe_overflow_chevrons, serial_shops, shop, shop, shop,
          nicolae_shop_waterfront, minmay_vboxes

Skill      XL: |  1  2  3  4 |
---------------+-------------+-----
Armour         | 4 |  4.0
Fighting       | |  3.3
Long Blades    | |  2.6
Shields        | |  3.3

Action                   |  1- 3 |  4- 6 || total
-------------------------+-------+-------++-------
Melee: Long sword        |   120 |    33 ||   153
       Kick              |     2 |     9 ||    11
  Use: Scroll            |     7 |       ||     7
       Potion            |     1 |       ||     1
Armor: Scale mail        |    38 |    10 ||    48
Dodge: Dodged            |    37 |    12 ||    49
Block: Buckler           |    17 |    12 ||    29
